Map: Backwater LE

Players

Gerald

  • Race: Protoss Protoss
  • Spawn Location: 5:00

NightEnD - Winner!

  • Race: Protoss Protoss
  • Spawn Location: 11:00

Event: WCS Leipzig 2018

VOD

Have the link to the VOD?

Description

Time

  • Played on: Jan. 26, 2018, 7:51 a.m.
  • Length: 25:57

All games in this series

Show
View Real Time Build Order
Export as new Build Order

Gerald Protoss 

Build Orders: Oracle Opening, Archon Immortal, Zealot Archon 

Get SALT Encoding   

  12  0:00  Probe  
  13  0:13  Probe  
  14  0:17  Pylon  
  14  0:25  Probe (Chrono Boost)  
  16  0:37  Probe (Chrono Boost)  
  16  0:39  Gateway  
  16  0:43  Probe (Chrono Boost)  
  16  0:45  Assimilator  
  17  0:51  Probe  
  17  0:54  Assimilator  
  18  1:03  Probe (Chrono Boost)  
  19  1:07  Gateway  
  19  1:15  Probe (Chrono Boost)  
  20  1:20  Probe (Chrono Boost)  
  21  1:26  Cybernetics Core  
  21  1:29  Probe  
  22  1:39  Pylon  
  22  1:41  Probe  
  23  1:57  Probe  
  23  1:59  Pylon  
  23  2:01  Warp Gate (Chrono Boost)  
  24  2:02  Adept x2  
  28  2:09  Probe  
  29  2:20  Stargate  
  29  2:22  Probe  
  30  2:31  Pylon  
  30  2:35  Probe  
  30  2:47  Stalker x2  
  34  2:53  Probe  
  38  3:05  Oracle (Chrono Boost)  
  36  3:23  Nexus  
  36  3:36  Probe, Shield Battery  
  35  3:48  Probe  
  35  3:50  Oracle (Chrono Boost)  
  39  3:57  Twilight Council  
  39  4:00  Probe  
  40  4:10  Stalker  
  40  4:12  Probe  
  40  4:16  Stalker  
  45  4:25  Probe  
  45  4:26  Pylon  
  46  4:37  Probe  
  47  4:43  Probe  
  45  4:49  Probe  
  45  4:51  Charge (Chrono Boost)  
  45  4:52  Stalker x2  
  50  4:56  Probe  
  48  5:01  Probe  
  48  5:06  Robotics Facility  
  49  5:08  Probe  
  49  5:13  Probe  
  49  5:14  Shield Battery  
  51  5:19  Forge  
  51  5:20  Probe  
  52  5:23  Assimilator  
  52  5:27  Adept  
  52  5:28  Adept  
  56  5:33  Pylon  
  56  5:42  Probe  
  56  5:44  Probe  
  57  5:51  Protoss Ground Weapons Level 1 (Chrono Boost)  
  57  5:52  Pylon  
  57  5:54  Probe, Observer  
  57  5:57  Probe  
  60  6:05  Assimilator  
  60  6:06  Probe, Gateway  
  60  6:09  Probe  
  60  6:10  Gateway  
  62  6:11  Gateway  
  62  6:19  Probe  
  62  6:21  Probe  
  62  6:22  Immortal (Chrono Boost)  
  68  6:31  Probe  
  69  6:34  Pylon  
  69  6:36  Pylon  
  69  6:42  Probe  
  70  6:50  Probe  
  69  6:55  Templar Archives  
  69  7:04  Nexus  
  69  7:05  Probe  
  69  7:06  Probe  
  69  7:08  Pylon  
  69  7:11  Assimilator  
  69  7:12  Immortal (Chrono Boost)  
  69  7:14  Assimilator  
  73  7:17  Probe  
  73  7:21  Pylon  
  74  7:24  Gateway  
  74  7:28  Gateway  
  74  7:29  Gateway  
  74  7:42  High Templar x3  
  74  7:43  High Templar  
  74  7:44  Probe  
  83  7:49  Immortal (Chrono Boost), Archon x2  
  87  7:52  Probe  
  87  7:53  Probe  
  87  7:56  Protoss Ground Weapons Level 2 (Chrono Boost)  
  89  8:04  Zealot  
  91  8:07  Probe  
  91  8:10  Probe  
  91  8:11  Immortal (Chrono Boost)  
  93  8:17  Probe  
  93  8:19  Probe, Photon Cannon  
  99  8:23  High Templar  
  99  8:25  Probe  
  102  8:30  Pylon  
  102  8:31  High Templar  
  105  8:39  Archon  
  105  8:40  Zealot x4  
  112  8:43  Warp Prism (Chrono Boost)  
  112  8:48  Pylon x2  
  114  8:51  Shield Battery  
  114  8:52  High Templar  
  114  8:53  High Templar  
  118  8:57  Archon  
  118  9:02  Zealot x3  
  124  9:05  Pylon  
  124  9:06  High Templar x2  
  128  9:25  Archon  
  128  9:32  Nexus  
  128  9:35  High Templar x2  
  128  9:36  Zealot x4  
  140  9:39  Zealot x2, Archon  
  140  9:40  Probe  
  140  9:44  Immortal  
  149  9:50  Pylon x2  
  149  9:57  Probe  
  142  10:04  Probe x2  
  141  10:09  Probe  
  142  10:16  Probe x2  
  142  10:17  Photon Cannon  
  142  10:21  Probe, Photon Cannon  
  144  10:23  Immortal  
  144  10:25  Observer  
  144  10:26  High Templar x4  
  158  10:28  Probe x2  
  158  10:35  Probe  
  160  10:37  Archon x2  
  160  10:40  Probe  
  161  10:43  Photon Cannon  
  161  10:48  Photon Cannon  
  161  10:54  Probe x2  
  163  11:00  Probe, Pylon  
  163  11:02  Immortal  
  168  11:09  Protoss Ground Weapons Level 3 (Chrono Boost)  
  168  11:17  High Templar  
  168  11:18  High Templar x2  
  172  11:21  High Templar  
  172  11:23  Probe  
  172  11:24  Photon Cannon  
  172  11:25  Archon  
  175  11:26  Archon  
  175  11:31  Stalker  
  175  11:32  Stalker x3  
  183  11:38  Probe  
  178  11:41  Probe  
  178  11:42  Observer (Chrono Boost)  
  164  11:54  Zealot x5  
  142  11:59  Zealot x3  
  131  12:02  Observer (Chrono Boost)  
  113  12:09  Probe  
  108  12:22  Immortal (Chrono Boost)  
  108  12:25  High Templar  
  108  12:26  High Templar x3  
  108  12:27  Zealot x4  
  127  12:34  Nexus  
  127  12:35  Archon x2  
  127  12:36  Pylon  
  127  12:42  Probe  
  128  12:44  Probe  
  129  12:55  Probe  
  129  12:58  High Templar x2  
  132  12:59  High Templar x2  
  132  13:00  Zealot x4  
  132  13:03  Immortal (Chrono Boost)  
  132  13:05  Photon Cannon  
  146  13:06  Archon x2  
  146  13:11  Protoss Shields Level 1 (Chrono Boost)  
  150  13:16  Probe x2  
  152  13:20  Assimilator  
  152  13:23  Assimilator  
  152  13:25  Photon Cannon  
  152  13:27  Probe  
  152  13:30  Dark Shrine  
  153  13:39  Immortal (Chrono Boost)  
  157  13:56  Zealot x7  
  157  13:57  Zealot  
  173  14:17  High Templar x3  
  175  14:18  High Templar  
  175  14:20  Pylon, Archon  
  175  14:21  High Templar x2, Pylon  
  175  14:22  Archon  
  185  14:25  Archon  
  185  14:36  Immortal (Chrono Boost), Pylon  
  187  14:45  Zealot  
  183  14:52  High Templar x4  
  181  14:56  Archon x2  
  181  14:59  Pylon  
  181  15:03  Gateway  
  181  15:06  Gateway  
  181  15:10  Dark Templar x2  
  181  15:11  Gateway  
  181  15:12  Gateway  
  185  15:14  Archon  
  183  15:36  Dark Templar x3  
  183  15:37  Dark Templar  
  183  15:40  Archon x2  
  157  15:53  Dark Templar  
  157  15:54  Dark Templar x2  
  129  16:01  Dark Templar  
  100  16:11  Immortal (Chrono Boost)  
  96  16:13  Zealot x3, Protoss Shields Level 2 (Chrono Boost)  
  96  16:14  Zealot  
  104  16:20  Archon x2  
  104  16:30  Dark Templar x2  
  104  16:31  Zealot x2  
  104  16:32  Zealot x3  
  118  16:36  Nexus  
  118  16:41  Archon  
  118  16:49  Pylon  
  118  16:51  Immortal (Chrono Boost), Dark Templar x2  
  118  16:52  Assimilator  
  118  16:54  Assimilator  
  122  16:55  Archon  
  126  17:07  Pylon  
  126  17:11  Photon Cannon  
  126  17:24  Immortal (Chrono Boost)  
  130  17:40  Zealot x12  
  150  17:55  Immortal (Chrono Boost)  
  150  18:02  Dark Templar x4  
  150  18:03  Dark Templar x2  
  150  18:04  Zealot x5  
  159  18:08  Archon x3  
  119  18:25  Dark Templar x2  
  119  18:26  Zealot x4  
  125  18:29  Archon  
  125  18:34  Probe (Chrono Boost)  
  126  18:36  Dark Templar  
  122  18:53  Nexus  
  120  18:57  Dark Templar  
  122  19:05  High Templar  
  122  19:09  Archon  
  124  19:13  Zealot x2  
  128  19:20  Probe  
  129  19:27  High Templar x3  
  135  19:32  Archon  
  135  19:33  Dark Templar  
  135  19:34  Probe  
  135  19:37  Probe, Archon  
  137  19:42  Protoss Ground Armor Level 1 (Chrono Boost)  
  137  19:54  Assimilator  
  137  19:55  Immortal  
  137  19:56  Zealot  
  143  20:06  Zealot x2  
  147  20:10  Photon Cannon  
  147  20:22  High Templar x2  
  147  20:23  High Templar  
  147  20:25  High Templar  
  155  20:30  Archon x2  
  155  20:37  Zealot x4  
  163  20:53  Dark Templar x3  
  167  20:57  Dark Templar  
  167  20:59  Archon  
  167  21:01  Archon  
  169  21:06  Gateway  
  167  21:19  Zealot x3, Dark Templar x2  
  167  21:20  Zealot  
  167  21:23  Archon  
  157  21:34  Zealot x4  
  157  21:39  Zealot x2  
  133  21:43  Dark Templar  
  121  21:48  Dark Templar  
  115  21:55  High Templar x2  
  115  22:00  Dark Templar  
  121  22:02  Archon  
  121  22:03  Archon  
  121  22:05  Dark Templar  
  123  22:12  Archon  
  123  22:13  Zealot x4  
  131  22:22  Immortal (Chrono Boost)  
  133  22:33  Zealot x3  
  133  22:35  Zealot  
  141  22:39  Dark Templar  
  143  22:44  Dark Templar  
  143  22:50  High Templar  
  144  22:51  Dark Templar  
  144  22:56  Archon  
  146  23:09  Zealot x6  
  156  23:15  Zealot x2  
  156  23:16  Probe  
  149  23:31  High Templar x3  
  155  23:34  Zealot  
  155  23:35  Immortal (Chrono Boost)  
  155  23:37  Probe  
  162  23:43  Archon  
  162  23:45  Dark Templar  
  164  23:53  Zealot x2  
  168  23:56  Archon  
  168  24:22  Dark Templar  
  168  24:23  Dark Templar x2  
  172  24:27  Archon  
  172  24:28  Dark Templar  
  174  24:40  Archon  
  174  24:43  Immortal  
  176  24:47  Zealot x6  
  101  25:13  Zealot  
  101  25:14  Zealot x6  
  101  25:22  Observer (Chrono Boost)  
  101  25:27  High Templar x3  
  106  25:31  Archon  
  106  25:32  Dark Templar  
  106  25:33  Zealot  
  106  25:34  Zealot  
  51  25:43  Zealot x2  
  32  25:50  Zealot  
Show
View Real Time Build Order
Export as new Build Order

NightEnD Protoss - Winner!

Build Orders: Archon Immortal 

Get SALT Encoding   

  12  0:00  Probe  
  13  0:12  Probe  
  14  0:20  Pylon  
  14  0:24  Probe  
  15  0:38  Probe (Chrono Boost)  
  15  0:41  Gateway  
  16  0:46  Assimilator  
  16  0:48  Probe (Chrono Boost)  
  17  0:53  Probe (Chrono Boost), Assimilator  
  18  1:05  Probe  
  18  1:10  Gateway  
  19  1:17  Probe  
  20  1:28  Cybernetics Core  
  20  1:29  Probe  
  21  1:36  Pylon  
  21  1:41  Probe  
  22  1:53  Probe  
  23  2:03  Warp Gate (Chrono Boost)  
  23  2:05  Stalker, Sentry  
  23  2:06  Probe  
  28  2:24  Stargate  
  28  2:34  Stalker  
  30  2:50  Nexus  
  30  3:01  Pylon  
  29  3:13  Shield Battery  
  29  3:18  Sentry  
  31  3:20  Robotics Facility  
  30  3:29  Probe  
  31  3:50  Pylon  
  31  4:02  Probe (Chrono Boost)  
  32  4:03  Probe (Chrono Boost)  
  32  4:07  Observer  
  34  4:12  Probe (Chrono Boost)  
  34  4:13  Probe (Chrono Boost)  
  34  4:15  Twilight Council  
  36  4:17  Probe (Chrono Boost)  
  36  4:18  Probe (Chrono Boost)  
  36  4:24  Forge  
  38  4:26  Phoenix (Chrono Boost)  
  38  4:28  Probe  
  38  4:29  Probe  
  42  4:34  Stalker  
  41  4:43  Probe (Chrono Boost)  
  41  4:44  Probe (Chrono Boost)  
  38  4:55  Probe (Chrono Boost)  
  38  4:57  Probe (Chrono Boost)  
  40  5:00  Probe (Chrono Boost)  
  40  5:01  Adept x2  
  46  5:08  Probe (Chrono Boost)  
  46  5:09  Protoss Ground Weapons Level 1  
  46  5:10  Probe (Chrono Boost)  
  47  5:20  Probe (Chrono Boost)  
  47  5:21  Charge  
  49  5:22  Probe (Chrono Boost)  
  49  5:24  Pylon  
  49  5:27  Observer  
  49  5:32  Probe  
  50  5:36  Immortal (Chrono Boost)  
  50  5:40  Probe  
  53  5:48  Probe  
  52  5:55  Adept x2  
  56  5:57  Probe  
  55  6:04  Shield Battery  
  55  6:05  Immortal (Chrono Boost)  
  55  6:06  Probe  
  60  6:12  Probe  
  61  6:18  Probe  
  61  6:20  Assimilator x2  
  61  6:21  Pylon  
  62  6:26  Pylon  
  62  6:38  Immortal (Chrono Boost)  
  62  6:39  Probe x2  
  67  6:51  Observer, Probe x2  
  67  6:58  Nexus  
  66  7:03  Probe x2  
  66  7:05  Gateway  
  66  7:07  Sentry, Gateway  
  70  7:15  Immortal (Chrono Boost)  
  74  7:17  Probe, Protoss Ground Weapons Level 2 (Chrono Boost)  
  75  7:24  Pylon  
  75  7:29  Probe  
  76  7:34  Probe  
  77  7:42  Probe  
  77  7:43  Gateway  
  74  7:46  Gateway  
  74  7:49  Probe  
  74  7:50  Templar Archives  
  75  7:57  Immortal (Chrono Boost)  
  79  8:01  Probe x2  
  79  8:04  Assimilator  
  81  8:10  Assimilator  
  81  8:16  Dark Shrine  
  81  8:19  Probe x2  
  83  8:26  Warp Prism (Chrono Boost)  
  85  8:29  High Templar x2  
  85  8:31  Zealot x2  
  93  8:34  Archon  
  93  8:35  Probe  
  93  8:36  Probe x2  
  93  8:40  Pylon  
  96  8:48  Pylon  
  96  8:50  Probe x3  
  96  8:51  High Templar  
  101  8:59  High Templar, Zealot x2  
  107  9:03  Shield Battery, Archon  
  107  9:05  Shield Battery  
  107  9:06  Zealot  
  107  9:07  Zealot  
  111  9:12  Observer  
  112  9:21  Pylon  
  112  9:22  Pylon  
  112  9:27  Gateway  
  112  9:28  Gateway  
  112  9:32  Pylon  
  112  9:34  Dark Templar x2  
  116  9:40  Dark Templar x2  
  116  9:42  Shield Battery, High Templar  
  116  9:44  High Templar  
  116  9:45  Shield Battery  
  124  9:49  Archon  
  124  9:53  Immortal (Chrono Boost)  
  128  10:06  High Templar x2  
  130  10:08  Protoss Ground Weapons Level 3 (Chrono Boost)  
  130  10:14  Pylon  
  130  10:15  Pylon x2  
  130  10:16  Archon  
  130  10:17  Zealot x4  
  138  10:32  Immortal (Chrono Boost), Photon Cannon  
  138  10:34  Shield Battery  
  142  10:46  High Templar x2  
  142  10:47  Zealot x4  
  154  10:55  Archon  
  154  10:59  Dark Templar  
  154  11:00  Zealot  
  154  11:03  Pylon  
  160  11:05  Pylon  
  160  11:17  Immortal  
  162  11:22  Dark Templar x3  
  162  11:24  Dark Templar  
  170  11:25  Zealot x3  
  151  11:49  Zealot  
  151  11:50  Zealot x3  
  145  11:54  Immortal (Chrono Boost)  
  145  11:55  Zealot x3  
  145  11:59  Zealot  
  113  12:15  Zealot  
  113  12:16  Zealot x6  
  125  12:23  Warp Prism (Chrono Boost)  
  127  12:38  High Templar x5  
  127  12:39  High Templar x2  
  127  12:42  High Templar  
  143  12:44  Archon x3  
  143  12:48  Archon x3  
  143  12:52  Protoss Shields Level 1 (Chrono Boost)  
  143  13:02  Nexus  
  143  13:04  Assimilator  
  143  13:07  Assimilator  
  143  13:08  Immortal (Chrono Boost)  
  147  13:13  Zealot x7  
  147  13:15  Zealot  
  163  13:37  Stalker x3  
  169  13:44  High Templar x2  
  169  13:45  Zealot x3  
  179  13:49  Archon  
  179  14:01  High Templar  
  181  14:06  Pylon  
  181  14:07  Pylon  
  180  14:24  Zealot  
  180  14:25  Zealot  
  180  14:26  Zealot x3, Dark Templar x2  
  183  14:47  High Templar x4  
  183  14:48  High Templar x2  
  183  14:51  Archon  
  183  14:52  Archon x3  
  195  15:01  Pylon  
  195  15:03  Dark Templar  
  197  15:12  High Templar  
  197  15:20  Archon  
  197  15:29  Pylon  
  197  15:30  Pylon  
  197  15:31  Nexus  
  197  15:46  Zealot x4  
  197  15:47  Zealot x3  
  181  15:51  Immortal (Chrono Boost)  
  113  16:15  Photon Cannon  
  113  16:18  Photon Cannon  
  113  16:19  Photon Cannon  
  113  16:20  Photon Cannon  
  113  16:21  Zealot x7  
  113  16:22  Observer (Chrono Boost), Zealot  
  130  16:32  Photon Cannon  
  130  16:39  Observer (Chrono Boost)  
  131  16:43  High Templar x2  
  131  16:44  High Templar x4, Zealot x2  
  147  16:48  Archon x2  
  147  16:57  Archon  
  147  17:03  Immortal (Chrono Boost)  
  147  17:07  High Templar x2  
  155  17:12  Archon  
  155  17:16  Zealot  
  155  17:17  Zealot x5  
  167  17:31  Observer (Chrono Boost)  
  167  17:34  Shield Battery  
  167  17:36  High Templar x2  
  172  17:37  Zealot  
  172  17:38  Zealot x5  
  172  17:42  Archon  
  184  17:46  Immortal (Chrono Boost)  
  188  17:56  Zealot x4  
  196  18:02  Zealot  
  196  18:03  Zealot  
  182  18:09  Dark Templar  
  172  18:19  High Templar  
  158  18:20  High Templar x3, Zealot  
  158  18:24  Archon x2  
  158  18:25  Immortal  
  170  18:31  Photon Cannon  
  170  18:32  Photon Cannon  
  163  18:46  Dark Templar x2  
  163  18:54  Zealot, Dark Templar  
  163  18:55  Zealot x2  
  171  19:00  Archon x2  
  171  19:23  High Templar x2  
  175  19:27  Archon  
  173  19:38  Zealot  
  173  19:41  High Templar  
  173  19:42  High Templar, Zealot x3  
  185  19:46  Archon  
  185  19:50  Photon Cannon  
  185  19:52  Shield Battery, Probe x2  
  187  19:53  Photon Cannon  
  187  19:56  Probe  
  188  20:08  Sentry  
  188  20:09  High Templar x2, Sentry  
  194  20:15  Archon  
  194  20:17  Dark Templar  
  196  20:32  High Templar x2  
  200  20:40  Archon  
  198  21:15  Observer (Chrono Boost)  
  197  21:29  Observer (Chrono Boost)  
  178  21:36  Zealot x6  
  178  21:37  Zealot x2  
  136  21:51  Observer (Chrono Boost)  
  123  22:02  High Templar x2  
  123  22:03  High Templar x2, Zealot x4  
  123  22:07  Archon x2  
  140  22:09  Observer (Chrono Boost)  
  140  22:35  Zealot  
  140  22:36  Zealot  
  144  22:39  Zealot x3  
  148  22:45  Nexus  
  148  22:48  Assimilator  
  140  22:52  Assimilator  
  140  22:59  Observer  
  140  23:06  Zealot  
  140  23:07  Zealot x4  
  148  23:14  Zealot x3  
  134  23:29  High Templar x4, Zealot x2  
  134  23:30  Zealot x2  
  150  23:35  Archon  
  150  23:43  Immortal (Chrono Boost)  
  154  23:51  Zealot x4  
  162  23:57  Archon  
  157  24:24  High Templar  
  157  24:25  High Templar, Zealot x5  
  157  24:28  Archon  
  127  24:55  Dark Templar x3  
  127  24:56  Zealot x3  
  115  25:00  Zealot x2  
  107  25:13  Observer  
  96  25:29  Dark Templar x2  
  96  25:30  Zealot x4  
  108  25:40  Archon  
  100  25:52  Zealot x5  
Tags
 
Add a new tag
Caveats
  • Supply blocks, unpowered buildings, or Contaminate may cause inaccurate times.
  • Supply counts are checked every 10 seconds.